 Dungeon Crawl Stone Soup version 0.30.1-9-gdf580d7c3d (webtiles) character file.

Game seed: 8600071813923222147

1331 lonewolfV2 the Fighter (level 8, -1/69 HPs)
             Began as a Formicid Fighter on Oct 21, 2023.
             Was a Believer of Okawaru.
             Engulfed by a blizzard demon's freezing vapour (12 damage)
             ... created by the fury of Makhleb
             ... on level 6 of the Dungeon.
             The game lasted 00:09:56 (5298 turns).

lonewolfV2 the Fighter (Formicid Fighter)           Turns: 5298, Time: 00:09:56

Health: -1/69      AC: 15    Str: 30    XL:     8   Next: 92%
Magic:  8/8        EV:  7    Int:  3    God:    Okawaru [**....]
Gold:   337        SH:  5    Dex: 13    Spells: 7/7 levels left

rFire   . . .        p - +3 spear of Tortfeasance {flame, Str+7 Int-5}
rCold   . . .        c - +0 buckler
rNeg    . . .        h - +1 plate armour
rPois   .            (helmet unavailable)
rElec   .            l - +0 cloak
rCorr   .            j - +0 pair of gloves
SInv    +            k - +0 pair of boots
Will    .....        (no amulet) Stlth
                     (no ring)
HPRegen 0.31/turn    (no ring)
MPRegen 0.11/turn

%: no passive effects
@: unable to read
A: permanent stasis, dig shafts and tunnels, antennae 3, four strong arms,
inability to read after injury 1
a: Dig, Shaft Self, Renounce Religion, Heroism


You were on level 6 of the Dungeon.
You worshipped Okawaru.
Okawaru was pleased with you.
You visited 1 branch of the dungeon, and saw 6 of its levels.

You collected 337 gold pieces.

Inventory:

Hand Weapons
 a - a +0 war axe of chaos
 p - the +3 spear of Tortfeasance (weapon) {flame, Str+7 Int-5}
   (You found it on level 3 of the Dungeon)

   Str:       It affects your strength (+7).
   Int:       It affects your intelligence (-5).
Missiles
 B - a throwing net
Armour
 b - a +0 scale mail
 c - a +0 buckler (worn)
 h - a +1 plate armour (worn)
 j - a +0 pair of gloves (worn)
 k - a +0 pair of boots (worn)
 l - a +0 cloak (worn)
Jewellery
 u - an amulet of the acrobat
 v - a ring of magical power
Wands
 x - a wand of flame (15)
Scrolls
 q - 4 scrolls of teleportation
 w - a scroll of identify
 z - a scroll of enchant armour
Potions
 d - a potion of haste {unknown}
 e - 3 potions of mutation
 f - a potion of resistance {unknown}
 g - a potion of lignification {unknown}
 m - a potion of flight {unknown}
 n - 3 potions of attraction {unknown}
 o - 3 potions of curing {unknown}
 r - 3 potions of cancellation {unknown}
 s - a potion of invisibility {unknown}
 t - a potion of magic {unknown}


   Skills:
 + Level 8.6 Fighting
 - Level 2.0(4.3) Axes
 + Level 6.1(6.3) Polearms
 - Level 3.2 Armour
 - Level 6.0 Shields


You had 7 spell levels left.
You didn't know any spells.
Your spell library contained the following spells:

 Spells                   Type           Power      Damage    Failure   Level
 Slow                     Hex            0%         N/A       100%        1
 Confusing Touch          Hex            0%         N/A       100%        3
 Stone Arrow              Conj/Erth      0%         3d7       100%        3
 Vampiric Draining        Necr           0%         2d6       100%        3
 Orb of Destruction       Conj           0%         9d5       100%        7
 Ozocubu's Refrigeration  Ice            0%         4d7       100%        7
 Lehudib's Crystal Spear  Conj/Erth      0%         10d2      100%        8
 Polar Vortex             Ice            0%         N/A       100%        9
 Summon Guardian Golem    Hex/Summ       Unusable   N/A       N/A         3
 Animate Armour           Summ/Erth      Unusable   N/A       N/A         4
 Simulacrum               Ice/Necr       Unusable   N/A       N/A         6
 Spellforged Servitor     Conj/Summ      Unusable   N/A       N/A         7

Dungeon Overview and Level Annotations

Branches:
Dungeon (6/15)             Temple (0/1) D:6

Altars:
Hepliaklqana
Makhleb
Nemelex Xobeh
Okawaru
Vehumet

Shops:
D:4 =   D:6 [


Innate Abilities, Weirdness & Mutations

You cannot be hasted, slowed, berserked, paralysed or teleported.
You can dig through walls and to a lower floor.
You have a pair of large antennae on your head. (SInv)
Your four strong arms can wield two-handed weapons with a shield.
You occasionally lose the ability to read scrolls when taking damage.


Message History

You barely miss the blizzard demon.
The blizzard demon is lightly wounded.
You hit the blizzard demon. You burn the blizzard demon.
The blizzard demon is lightly wounded.
You block the blizzard demon's attack. The blizzard demon barely misses you.
You hit the blizzard demon but do no damage.
The blizzard demon is lightly wounded.
The blizzard demon hits you but does no damage. x2
You puncture the blizzard demon! You burn the blizzard demon.
The blizzard demon is moderately wounded.
The blizzard demon gestures at you. The freezing blast engulfs you!
You puncture the blizzard demon! You burn the blizzard demon.
The blizzard demon is heavily wounded.
You are engulfed in freezing vapours.
You closely miss the blizzard demon.
The blizzard demon is heavily wounded.
You are engulfed in freezing vapours.
The blizzard demon is engulfed in freezing vapours.
You block the blizzard demon's attack. The blizzard demon barely misses you.
You closely miss the blizzard demon.
The blizzard demon is heavily wounded.
You are engulfed in freezing vapours.
You feel threatened and lose the ability to read scrolls!
The blizzard demon is engulfed in freezing vapours.
The blizzard demon waves its arms in wide circles.
The air twists around and strikes you!!
* * * LOW HITPOINT WARNING * * *
You feel much better.
You are engulfed in freezing vapours.
* * * LOW HITPOINT WARNING * * *
The blizzard demon is engulfed in freezing vapours.
The blizzard demon hits you but does no damage. x2
Aiming: Throw Flame
Press: ? - help, Q - select action, (/) - cycle Shift-Dir - straight line, f - blizzard demon
Aim: a blizzard demon (freezing vapour, heavily wounded, durably summoned, 68% to hit)
The puff of flame hits the blizzard demon but does no damage.
The blizzard demon is heavily wounded.
You hear a sizzling sound!
You are engulfed in freezing vapours.
You die...

.>....# ##...##########
......# ###..........#
...##.#
#############....####.#
...##.#
#...........##[#.####.#
......#
#...........##.#....#.#
#.#..##
#..!........##[####...#
....## #...........##.#
##..# ###.#
#.....2°....##.# #.^##
#...(.○@○...##.# ##...
#.....°°°...##.# ####
)...........'..#
#...........####
#...........#
#...........#
#############


You could see a blizzard demon.

Vanquished Creatures
  A smoke demon (D:4)
  A ynoxinul (D:6)
  A neqoxec (D:4)
  An ice beast (D:6)
  A black bear (D:5)
  A centaur (D:6)
  A phantom (D:6)
  Blork the orc (D:6)
  3 scorpions
  2 howler monkeys (D:5)
  6 hounds
  A jelly (D:6)
  2 orc priests
  A sleepcap (D:6)
  4 iguanas
  3 orc wizards
  3 gnolls (D:4)
  7 adders
  3 worms (D:3)
  2 dart slugs
  13 orcs
  5 ball pythons
  7 bats
  8 endoplasms
  4 giant cockroaches
  11 goblins
  5 hobgoblins
  2 jackals (D:5)
  5 quokkas
  3 frilled lizards
  9 kobolds
  9 rats
126 creatures vanquished.

Notes
Turn   | Place    | Note
-------+----------+-------------------------------------------
     0 | D:1      | lonewolfV2 the Formicid Fighter began the quest for the
                  | Orb.
     0 | D:1      | Reached XP level 1. HP: 18/18 MP: 1/1
   198 | D:1      | Reached XP level 2. HP: 24/24 MP: 2/2
   410 | D:1      | Reached XP level 3. HP: 29/30 MP: 3/3
   531 | D:1      | Reached skill level 4 in Fighting
   792 | D:2      | Reached skill level 5 in Shields
   886 | D:2      | Found a sparkling altar of Nemelex Xobeh.
   928 | D:2      | Reached XP level 4. HP: 37/37 MP: 4/4
  1887 | D:3      | Found a faded altar of an unknown god.
  1900 | D:3      | Reached XP level 5. HP: 36/43 MP: 5/5
  1924 | D:3      | Prayed at the altar of an unknown god.
  1924 | D:3      | Became a worshipper of Makhleb the Destroyer
  1924 | D:3      | Reached * piety under Makhleb
  2136 | D:3      | Reached skill level 5 in Fighting
  2155 | D:3      | Found an iron altar of Okawaru.
  2167 | D:3      | Fell from the grace of Makhleb
  2167 | D:3      | Became a worshipper of Warmaster Okawaru
  2169 | D:3      | Identified the +3 spear of Tortfeasance {flame, Str+7
                  | Int-5}
  2638 | D:4      | Reached skill level 1 in Polearms
  2646 | D:4      | Reached XP level 6. HP: 48/51 MP: 6/6
  2706 | D:4      | Found a radiant altar of Vehumet.
  2847 | D:4      | Found Bogis's Jewellery Shop.
  2880 | D:4      | Noticed a smoke demon
  2900 | D:4      | Killed a smoke demon
  3092 | D:4      | Noticed a neqoxec
  3098 | D:4      | Gained mutation: You occasionally lose the ability to read
                  | scrolls when taking damage. [a neqoxec]
  3100 | D:4      | Killed a neqoxec
  3289 | D:4      | Reached skill level 6 in Fighting
  3297 | D:4      | Reached XP level 7. HP: 54/58 MP: 7/7
  3303 | D:4      | Reached * piety under Okawaru
  3512 | D:5      | Entered Level 5 of the Dungeon
  3764 | D:5      | Reached skill level 7 in Fighting
  4024 | D:5      | Reached XP level 8. HP: 64/67 MP: 8/8
  4145 | D:5      | Found a sparkling altar of Nemelex Xobeh.
  4445 | D:6      | Reached skill level 5 in Polearms
  4837 | D:6      | Noticed a ynoxinul
  4841 | D:6      | Killed a ynoxinul
  4856 | D:6      | Reached ** piety under Okawaru
  4857 | D:6      | Reached skill level 8 in Fighting
  4900 | D:6      | Noticed Blork the orc
  4906 | D:6      | Killed Blork the orc
  4930 | D:6      | Found a staircase to the Ecumenical Temple.
  4951 | D:6      | Found Oliotum's Armour Emporium.
  5079 | D:6      | Found a hazy altar of Hepliaklqana.
  5289 | D:6      | Noticed a blizzard demon
  5296 | D:6      | HP: 1/69 [blizzard demon/the air[the fury of Makhleb] (26)]
  5298 | D:6      | Engulfed by a blizzard demon's freezing vapour

Illustrated notes

Levels and vault maps discovered:
D:1:      dpeg_arrival_tiny_a, layout_loops_ring, minmay_split_cup_large
D:2:      minmay_angry_zag, layout_basic, basic_altar, serial_glass,
          glass_columns_b, glass_columns_a, glass_columns_b, glass_columns_a,
          glass_columns_a, glass_columns_a
D:3:      layout_rooms, okawaru_ov_weapons_minmay, basic_ecumenical_altar
D:4:      layout_loops_ring, mainiacjoe_overflow_paths, serial_shops,
          nicolae_diamond_shop
D:5:      layout_basic, nicolae_overflow_crystal_walls,
          minmay_misc_feat_diagonals
D:6:      layout_basic, overflow_temple_1_default,
          minmay_temple_entry_stoned_glass, serial_shops,
          nicolae_shop_just_a_little_nook, uniq_blork_the_orc

Skill      XL: |  1  2  3  4  5  6  7  8 |
---------------+-------------------------+-----
Fighting       | 4 5 6 7 8 |  8.6
Shields        | 5 6 |  6.0
Polearms       | 1 2 4 6 |  6.1
Axes           | |  2.0
Armour         | |  3.2

Action                     |  1- 3 |  4- 6 |  7- 9 || total
---------------------------+-------+-------+-------++-------
  Melee: War axe           |    78 |    95 |       ||   173
         Spear             |       |    74 |   161 ||   235
Ability: Dig               |       |       |     3 ||     3
  Evoke: Wand              |       |       |     1 ||     1
    Use: Scroll            |     4 |     5 |     6 ||    15
         Potion            |       |     4 |     1 ||     5
 Armour: Scale mail        |    48 |     9 |       ||    57
         Plate armour      |       |   131 |   115 ||   246
  Dodge: Dodged            |    29 |    73 |    50 ||   152
  Block: Buckler           |    13 |    47 |    43 ||   103
